 Dungeon Crawl Stone Soup version 0.21.0-24-g2553a33 (webtiles) character file.

454784 Inarius the Englaciator (level 22, -1/176 (177) HPs)
             Began as a White Draconian Ice Elementalist on Jan 15, 2018.
             Was the Champion of Nemelex Xobeh.
             Splashed by an acid blob's acid (5 damage)
             ... created by the Royal Jelly
             ... on level 5 of the Pits of Slime on Jan 19, 2018.
             The game lasted 07:59:35 (97616 turns).

Inarius the Englaciator (DrIE)                     Turns: 97616, Time: 07:59:36

HP:   -1/176 (177)  AC: 16    Str: 11    XL:     22   Next: 96%
MP:   7/50          EV: 18    Int: 22    God:    Nemelex Xobeh [******]
Gold: 4267          SH: 11    Dex: 18    Spells: 5/51 levels left

rFire    + . .     SeeInvis .   W - staff of cold
rCold    + + +     Gourm    .   E - +1 shield {reflect}
rNeg     . . .     Faith    +   (armour unavailable)
rPois    .         Spirit   .   a - +1 hat
rElec    .         Reflect  +   B - +2 cloak {rC+}
rCorr    +         Harm     .   q - +1 pair of gloves {Dex+3}
MR       +....                  g - +2 pair of boots
Stlth    +++.......             m - amulet of faith
HPRegen  0.39/turn              Q - ring of magical power
MPRegen  0.32/turn              P - ring "Cucawott" {rCorr rF+ rC+ Int-3 Dex+3}

@: about to teleport, corroded, very slightly contaminated
A: breathe frost, unfitting armour, cold resistance 1, mutation resistance 1,
sense surroundings 1, cold-blooded, AC +11
}: 3/15 runes: serpentine, barnacled, abyssal
a: Breathe Frost, Triple Draw, Deal Four, Stack Five, Renounce Religion


You were on level 5 of the Pits of Slime.
You worshipped Nemelex Xobeh.
Nemelex Xobeh was exalted by your worship.
You were not hungry.

You visited 9 branches of the dungeon, and saw 46 of its levels.
You visited the Abyss 2 times.
You visited 1 bazaar.
You also visited: Labyrinth, Sewer and Ice Cave.

You collected 6940 gold pieces.
You spent 2673 gold pieces at shops.

Inventory:

Hand Weapons
 f - the +6 long sword of Fortitude {flame, *Corrode Str+3}
   (You found it on level 13 of the Dungeon)

   It has been specially enchanted to burn those struck by it, causing extra
   injury to most foes and up to half again as much damage against particularly
   susceptible opponents.
   Big, fiery blades are also staple armaments of hydra-hunters.
   It affects your strength (+3).
   It may corrode you when you take damage.
 D - the +6 trident of Linearity {flame, rElec rN+}
   (You found it on level 6 of the Dungeon)

   It has been specially enchanted to burn those struck by it, causing extra
   injury to most foes and up to half again as much damage against particularly
   susceptible opponents.
   It insulates you from electricity.
   It protects you from negative energy.
Armour
 a - a +1 hat (worn)
 g - a +2 pair of boots (worn)
 q - a +1 pair of gloves of dexterity (worn)
 B - a +2 cloak of cold resistance (worn)
 E - a +1 shield of reflection (worn)
Magical Staves
 W - an uncursed staff of cold (weapon)
Jewellery
 k - an uncursed ring of see invisible
 m - an amulet of faith (around neck)
 H - an uncursed ring of poison resistance
 K - an uncursed ring of ice
 P - the ring "Cucawott" (right hand) {rCorr rF+ rC+ Int-3 Dex+3}
   (You acquired it on level 3 of the Elven Halls)

   [ring of resist corrosion]

   It affects your intelligence (-3).
   It affects your dexterity (+3).
   It protects you from fire.
   It protects you from cold.
 Q - a ring of magical power (left hand)
Wands
 h - a wand of digging (12)
Scrolls
 n - 24 scrolls of remove curse
 x - a scroll of immolation
 M - 9 scrolls of identify
 S - 9 scrolls of fear
 V - 3 scrolls of magic mapping
 Y - 8 scrolls of teleportation
Potions
 d - 5 potions of agility
 i - 5 potions of haste
 l - 11 potions of curing
 o - 2 potions of magic
 p - 2 potions of mutation
 s - 2 potions of invisibility
 t - 9 potions of brilliance
 w - 3 potions of resistance
 R - 5 potions of might
 U - a potion of cancellation
 X - 5 potions of heal wounds
Miscellaneous
 e - a legendary deck of escape
 j - a legendary deck of escape
 r - a legendary deck of summoning
 u - a legendary deck of summoning {drawn: 4}
 v - a legendary deck of summoning
 y - a legendary deck of destruction {drawn: 2}
 z - a legendary deck of summoning
 A - a legendary deck of destruction
 C - a legendary deck of summoning
 F - an ornate deck of summoning {drawn: 5}
 G - a legendary deck of summoning
 I - a legendary deck of destruction
 J - a legendary deck of destruction
 L - a legendary deck of summoning
 N - a legendary deck of destruction
 O - a legendary deck of destruction
 T - a legendary deck of summoning
 Z - a legendary deck of summoning
Comestibles
 b - 27 rations


   Skills:
 * Level 10.9 Fighting
 - Level 2.4 Long Blades
   Level 0.2 Axes
 + Level 9.4 Dodging
 - Level 5.0 Stealth
 - Level 6.0 Shields
 + Level 15.0 Spellcasting
 + Level 15.7 Conjurations
 + Level 0.1 Hexes
 - Level 8.2 Charms
 - Level 6.0 Summonings
 - Level 4.3 Necromancy
   Level 0.2 Transmutations
 O Level 27 Ice Magic
 - Level 1.6 Air Magic
 * Level 17.7 Invocations
 - Level 0.2 Evocations


You had 5 spell levels left.
You knew the following spells:

 Your Spells              Type           Power        Failure   Level  Hunger
a - Freeze                Ice            ####         0%          1    None
b - Ozocubu's Armour      Chrm/Ice       #######.     1%          3    None
c - Throw Icicle          Conj/Ice       ########     1%          4    None
d - Summon Ice Beast      Ice/Summ       #######.     1%          4    None
e - Ozocubu's Refrigerat  Ice            ########..   1%          6    #####..
f - Freezing Cloud        Conj/Ice/Air   #######...   4%          6    #####..
g - Swiftness             Chrm/Air       #####...     2%          2    None
h - Regeneration          Chrm/Necr      #####.....   2%          3    None
i - Simulacrum            Ice/Necr       #######...   2%          6    #####..
j - Metabolic Englaciati  Hex/Ice        #######...   1%          5    ###....
k - Bolt of Cold          Conj/Ice       ########..   1%          6    #####..


Dungeon Overview and Level Annotations

Branches:
Dungeon (15/15)            Temple (0/1) D:4            Lair (6/6) D:8
 Shoals (4/4) Lair:2        Snake (4/4) Lair:2        Slime (5/5) Lair:6
    Orc (2/2) D:11            Elf (3/3) Orc:2        Vaults (4/5) D:13
  Crypt (0/3) Vaults:2     Depths (3/5) D:15

Altars:
Ashenzari
Cheibriados
Elyvilon
Gozag
Hepliaklqana
Makhleb
Nemelex Xobeh
Qazlal
Sif Muna
Trog
Vehumet
Xom
Yredelemnul
Beogh
Jiyva

Shops:
D:8 %   D:11 [   Orc:2 (*![   Elf:1 =!:*(   Elf:3 ?   Shoals:2 (   Snake:2 }=
Vaults:1 =   Vaults:3 *(*   Vaults:4 %   Depths:1 [

Portals:
Hell: Depths:1 Depths:2 Depths:3
Pandemonium: Depths:1 Depths:3
Trove: Elf:3 (show slimy rune of Zot)

Annotations:
D:3 Shenda's ghost, amateur DrCj
D:5 Inarius's ghost, novice DrIE
D:7 AdmiralAndromeda's ghost, novice HOFi
Lair:5 exclusion: 2 oklob plants
Slime:5 Royal Jelly


Innate Abilities, Weirdness & Mutations

You can breathe waves of freezing cold.
You can buffet flying creatures when you breathe cold.
Your icy white scales are hard. (AC +11)
You cannot fit into any form of body armour.
Your flesh is cold resistant. (rC+)
You are cold-blooded and may be slowed by cold attacks.
You are somewhat resistant to further mutation.
You passively map a small area around you.


Message History

The acid blob hits you!!
* * * LOW HITPOINT WARNING * * *
You are splashed with acid!
The acid burns!
You resist.
* * * LOW HITPOINT WARNING * * *
The trident of Modesty {pain, *Corrode rPois Str+4 Dex+6} is engulfed in blazing flames.
The trident of Modesty {pain, *Corrode rPois Str+4 Dex+6} closely misses you.
The death ooze hits you!
* * * LOW HITPOINT WARNING * * *
You block the death ooze's attack. The acid blob hits you!
* * * LOW HITPOINT WARNING * * *
The acid corrodes you!
You are splashed with acid!
The acid burns!
You resist.
* * * LOW HITPOINT WARNING * * *
The acid blob is engulfed in blazing flames.
The azure jelly is engulfed in blazing flames.
The acid blob spits acid at you. The splash of acid hits you! You resist.
* * * LOW HITPOINT WARNING * * *
You are splashed with acid!
The acid burns!
You resist.
You die...
Your body disappears without a glow.

*#..................### *
#.................##
###.................#
#.#...............###, ,,
#.................## , *
##........JJJ......# ,
##.......JJJJJ.....## #*
#........JJJ(ยง.....##...
###........@J..........#
#...................####
#..................## ,,*,
##...................# ,
#...................###, ,
.#....................##
##....................## ,
#.....................## *
##.....................###


You could see the Royal Jelly (inner flame), 3 acid blobs, 5 azure jellies, 3
death oozes and a trident of Modesty {pain, *Corrode rPois Str+4 Dex+6}.

Vanquished Creatures
  A juggernaut (Depths:3)
  Frederick (Vaults:4)
  A lich (Depths:2)
  A deep elf blademaster (Elf:3)
  8 acid blobs
  An ancient champion (Vaults:2)
  Polyphemus (Shoals:2)
  A kraken (Shoals:1)
  2 tengu reavers
  A sphinx (Depths:2)
  Ilsuiw (Shoals:4)
  7 nagarajas
  11 deep elf sorcerers
  Donald (Snake:4)
  8 azure jellies
  3 frost giants
  5 vault wardens
  5 deep elf elementalists
  8 ironheart preservers
  A juggernaut skeleton (Depths:2)
  3 entropy weavers
  13 very ugly things
  11 stone giants
  A vampire knight (Vaults:2)
  4 deep elf demonologists
  8 deep elf annihilators
  4 spark wasps
  A spark wasp (shapeshifter) (Vaults:2)
  5 ettins
  A merfolk javelineer (Depths:2)
  14 merfolk impalers
  3 deep elf death magi (Elf:3)
  A mummy priest (Depths:3)
  A death ooze (Slime:4)
  A jiangshi (Depths:1)
  A minotaur (Lab)
  A deep elf high priest (Elf:3)
  2 fire dragons
  8 yaktaur captains
  5 great orbs of eyes
  4 rakshasas
  Erolcha (D:13)
  A hell beast (Depths:2)
  11 naga warriors
  Fannar (Orc:1)
  A spriggan air mage (Depths:3)
  4 hydras
  9 anacondas
  An ice dragon (D:15)
  12 centaur warriors
  A merfolk avatar (Shoals:2)
  An alligator snapping turtle (Vaults:4)
  A catoblepas (Shoals:2)
  A death knight (D:14)
  6 deep troll shamans
  4 merfolk aquamancers
  14 two-headed ogres
  2 ogre magi
  10 deep troll earth magi
  2 vampire magi
  2 satyrs (Shoals:3)
  4 death yaks (Shoals:2)
  An orc high priest (Elf:1)
  4 tengu warriors
  21 dancing weapons
  A spriggan berserker (Depths:2)
  Urug (Orc:1)
  4 shock serpents
  13 naga sharpshooters
  16 deep elf knights
  2 shadow wraiths
  A titan skeleton (Depths:2)
  7 hell knights
  A salamander mystic (Snake:2)
  2 iron trolls
  4 unseen horrors
  An unseen horror (shapeshifter) (Vaults:3)
  5 skeletal warriors
  2 glowing orange brains
  A golden dragon zombie (Depths:2)
  15 sea snakes
  2 flayed ghosts
  11 naga ritualists
  12 ironbrand convokers
  4 necromancers
  2 wizards
  23 deep trolls
  16 deep elf archers
  13 harpies
  A phantasmal warrior (Vaults:4)
  11 orc knights
  64 deep elf magi
  8 cyclopes
  An orc sorcerer (Vaults:3)
  11 fauns
  9 mana vipers
  5 shining eyes
  5 wolf spiders
  8 salamanders
  14 manticores
  28 ugly things
  2 frost giant zombies
  2 elephants (Lair:4)
  3 fire giant zombies
  A guardian serpent (Snake:2)
  2 water nymphs
  An ice statue (IceCv)
  A rust devil (Depths:2)
  Joseph (D:10)
  11 merfolk sirens
  4 centaur zombies
  A salamander (shapeshifter) (Vaults:3)
  Maurice (D:8)
  8 vault sentinels
  42 black mambas
  22 naga magi
  A torpor snail (Lair:6)
  A gargoyle (Lab)
  4 spiny frogs
  An efreet (D:14)
  27 yaktaurs
  3 anaconda simulacra (IceCv)
  5 freezing wraiths (IceCv)
  8 komodo dragons
  A komodo dragon (shapeshifter) (Depths:2)
  A golden dragon simulacrum (IceCv)
  7 centaur skeletons
  5 ice devils (IceCv)
  A meliai (shapeshifter) (Depths:2)
  22 merfolk
  10 trolls
  A red devil (Depths:2)
  3 jumping spiders
  2 tengu conjurers (D:14)
  Prince Ribbit (D:7)
  11 hornets
  5 polar bears (Lair:6)
  2 wind drakes
  102 slime creatures
  A stone giant simulacrum (Vaults:1)
  A blink frog (shapeshifter) (D:13)
  5 dream sheep
  9 hippogriffs
  15 blink frogs
  9 snapping turtles
  A redback (shapeshifter) (Vaults:2)
  2 shadows
  A tarantella (shapeshifter) (Vaults:2)
  11 water elementals
  3 air elementals
  11 redbacks
  11 spriggans
  6 fire elementals
  5 wraiths
  2 wyverns
  A steam dragon (D:9)
  27 yaks
  Grum (Lair:1)
  3 golden eyes (Slime:1)
  A basilisk (Lair:4)
  3 hungry ghosts
  A human (shapeshifter) (Vaults:3)
  A redback simulacrum (D:15)
  7 harpy simulacra (IceCv)
  2 iron troll simulacra (IceCv)
  5 wargs
  4 hydra simulacra (IceCv)
  An acid dragon (Vaults:2)
  37 nagas
  28 water moccasins
  A soldier ant (D:10)
  A water moccasin (shapeshifter) (Depths:1)
  Duvessa (D:5)
  13 porcupines
  43 orc warriors
  2 ice beasts
  3 sky beasts
  3 black bears
  3 phantoms
  An ettin simulacrum (Vaults:3)
  3 eyes of draining
  A tengu (Lair:6)
  13 ogres
  10 wolves (Lair:6)
  37 centaurs
  13 boggarts
  A boggart (shapeshifter) (Vaults:1)
  9 crocodiles
  2 big kobolds (D:11)
  13 bullfrogs
  A bullfrog (shapeshifter) (Depths:3)
  4 earth elementals
  Dowan (D:5)
  7 scorpions
  A wyvern skeleton (D:10)
  8 killer bees
  A swamp dragon simulacrum (IceCv)
  3 howler monkeys
  A troll skeleton (Lab)
  A vampire bat (Lair:6)
  3 wights (D:9)
  5 crimson imps
  4 lava snakes (Lab)
  5 starcursed masses (Abyss:4)
  2 draconian simulacra (IceCv)
  3 jellies
  An iron imp (Depths:1)
  8 hounds
  18 orc priests
  13 orc wizards
  2 bullfrog skeletons
  8 iguanas
  Ijyb (D:3)
  3 spriggan simulacra
  2 hell rats (Lair:6)
  4 troll simulacra (IceCv)
  11 worker ants
  A killer bee zombie (D:8)
  An ogre skeleton (Lab)
  A centaur simulacrum (IceCv)
  A worker ant zombie (D:10)
  3 gnolls (D:10)
  A howler monkey skeleton (D:10)
  5 river rats
  16 adders
  4 naga simulacra (IceCv)
  2 ogre simulacra (IceCv)
  2 shadow imps
  6 white imps (IceCv)
  4 ufetubi (IceCv)
  15 oozes
  An adder zombie (D:8)
  3 worms (D:3)
  5 dart slugs
  9 leopard geckos
  67 orcs
  14 bats
  25 giant cockroaches
  13 goblins
  8 hobgoblins
  14 jackals
  6 quokkas
  15 ball pythons
  13 frilled lizards
  A jackal zombie (D:5)
  6 kobolds
  17 rats
  31 plants
  2 tentacles (Shoals:1)
1746 creatures vanquished.

Vanquished Creatures (collateral kills)
  Sojobo (Vaults:4)
  5 acid blobs
  A tentacled starspawn (Abyss:4)
  A sphinx (Elf:2)
  Agnes (Elf:1)
  An azure jelly (Slime:1)
  2 vault wardens
  A frost giant (Shoals:4)
  2 very ugly things (Vaults:2)
  3 ironheart preservers
  An entropy weaver (Vaults:1)
  Snorg (Orc:1)
  A blizzard demon (IceCv)
  A deep elf death mage (Vaults:1)
  A mummy priest (Depths:3)
  A merfolk javelineer (Shoals:4)
  A jiangshi (Depths:1)
  An ettin (Vaults:3)
  A death ooze (Slime:5)
  A yaktaur captain (Depths:1)
  A fire dragon (D:15)
  A vault guard (Vaults:4)
  5 hydras
  An ice dragon (D:13)
  3 naga warriors (Snake:2)
  The ghost of Ymberto the Basher, a novice MiFi of Okawaru (D:11)
  A spriggan air mage (Depths:2)
  3 anacondas
  2 centaur warriors
  3 two-headed ogres
  A satyr (Shoals:4)
  2 ogre magi
  A deep troll shaman (Depths:1)
  A titan skeleton (Depths:2)
  A naga sharpshooter (Snake:1)
  2 iron trolls
  7 deep trolls
  6 sea snakes (Shoals:4)
  A wizard (Vaults:3)
  2 skeletal warriors
  2 naga ritualists
  2 ironbrand convokers (Vaults:3)
  A deep elf archer (Elf:1)
  2 orc knights
  A tengu zombie (Depths:2)
  A mana viper (Snake:1)
  13 ugly things
  5 shining eyes
  A faun (Shoals:1)
  2 cyclopes
  2 merfolk sirens
  A water nymph (Shoals:4)
  2 manticores
  A naga mage (Snake:2)
  A frost giant zombie (Depths:1)
  An elephant (Lair:4)
  A guardian serpent (shapeshifter) (D:15)
  8 vault sentinels
  7 black mambas
  A centaur skeleton (D:13)
  A spiny frog (Lair:6)
  4 yaktaurs
  A rime drake (Lair:6)
  An elf skeleton (Depths:1)
  A hellwing (IceCv)
  A minotaur zombie (Lab)
  A polar bear (Lair:6)
  A hornet (Lair:6)
  2 merfolk (Shoals:4)
  A jumping spider (Vaults:4)
  A hornet (shapeshifter) (Vaults:4)
  7 blink frogs
  A hippogriff (Lair:6)
  2 snapping turtles (Shoals:4)
  4 dream sheep (Shoals:4)
  A deep troll zombie (Depths:1)
  6 slime creatures
  A tarantella (Vaults:4)
  A wyvern (Lair:6)
  A water elemental (Shoals:4)
  13 yaks
  2 hungry ghosts
  A hog (Lair:6)
  3 nagas
  2 wargs
  An iron troll simulacrum (IceCv)
  3 water moccasins
  5 orc warriors
  A porcupine (Lair:5)
  2 ice beasts
  2 eyes of draining
  A phantom (D:6)
  A black bear (Lair:2)
  5 wolves
  3 ogres
  A centaur (Orc:2)
  A crocodile (Lair:2)
  A big kobold (D:11)
  2 bullfrogs
  An earth elemental (Lab)
  A wyvern skeleton (D:12)
  2 wights (D:9)
  An orc wizard (Orc:2)
  2 hell rats (Lair:6)
  A worker ant (D:6)
  6 adders
  3 river rats (Lair:6)
  10 orcs
  A rat (Lair:6)
  A plant (Shoals:4)
246 creatures vanquished.

Vanquished Creatures (others)
  A deep elf master archer (Elf:3)
  A tengu reaver (Vaults:4)
  A blizzard demon (IceCv)
  A merfolk javelineer (Shoals:4)
  An ice dragon (Depths:2)
  A centaur warrior (Vaults:1)
  A dancing weapon (Elf:2)
  A deep troll shaman (Depths:2)
  A deep elf knight (Elf:1)
  A deep elf archer (Vaults:3)
  A cyclops (Vaults:1)
  A black mamba (Snake:3)
  A vault sentinel (Vaults:1)
  A guardian serpent (Snake:3)
  4 yaktaurs
  A golden dragon simulacrum (IceCv)
  An air elemental (Elf:1)
  2 centaurs
  2 orcs (Vaults:3)
  A quokka (D:9)
  39 fungi
  13 plants
  5 starspawn tentacles (Abyss:4)
  3 tentacles (Shoals:1)
85 creatures vanquished.

Grand Total: 2077 creatures vanquished

Notes
Turn   | Place    | Note
-------+----------+-------------------------------------------
     0 | D:1      | Inarius the Draconian Ice Elementalist began the quest for the Orb.
     0 | D:1      | Reached XP level 1. HP: 14/14 MP: 3/3
   189 | D:1      | Reached XP level 2. HP: 20/20 MP: 0/5
   629 | D:1      | Reached XP level 3. HP: 26/26 MP: 4/6
   926 | D:2      | Reached skill level 4 in Ice Magic
   975 | D:2      | Found a sparkling altar of Nemelex Xobeh.
   977 | D:2      | Found a basalt altar of Yredelemnul.
  1008 | D:2      | Became a worshipper of Nemelex Xobeh the Trickster
  1071 | D:2      | Received a gift from Nemelex Xobeh
  1169 | D:2      | Reached XP level 4. HP: 25/33 MP: 5/8
  1418 | D:2      | Learned a level 3 spell: Ozocubu's Armour
  1423 | D:2      | Learned a level 4 spell: Throw Icicle
  1503 | D:2      | Noticed an ogre
  1743 | D:2      | Found a bloodstained altar of Trog.
  1777 | D:2      | Reached * piety under Nemelex Xobeh
  2170 | D:3      | Noticed Shenda's ghost (amateur DrCj)
  2470 | D:3      | Reached skill level 5 in Ice Magic
  2470 | D:3      | Reached XP level 5. HP: 36/38 MP: 2/9
  2556 | D:3      | Noticed a phantom
  2719 | D:2      | Killed an ogre
  2719 | D:2      | Reached skill level 1 in Invocations
  2864 | D:3      | Noticed Ijyb
  2876 | D:3      | Killed Ijyb
  2876 | D:3      | Reached XP level 6. HP: 45/45 MP: 2/10
  2991 | D:3      | Received a gift from Nemelex Xobeh
  3291 | D:3      | Reached skill level 1 in Charms
  3878 | D:4      | Reached skill level 6 in Ice Magic
  3878 | D:4      | Your scales start taking on an icy white colour.
  3878 | D:4      | Reached skill level 7 in Ice Magic
  3878 | D:4      | Reached XP level 7. HP: 48/50 MP: 3/12
  3878 | D:4      | Gained mutation: Your flesh is cold resistant. (rC+) [White Draconian growth]
  4034 | D:4      | Found a staircase to the Ecumenical Temple.
  4039 | D:4      | Received a gift from Nemelex Xobeh
  4490 | D:5      | Entered Level 5 of the Dungeon
  4534 | D:5      | Found a white marble altar of Elyvilon.
  4624 | D:5      | Reached ** piety under Nemelex Xobeh
  4746 | D:5      | Reached skill level 1 in Fighting
  4786 | D:5      | Found a shattered altar of Ashenzari.
  4798 | D:5      | Learned a level 4 spell: Summon Ice Beast
  4840 | D:5      | Noticed Duvessa
  4855 | D:5      | Noticed Dowan
  4856 | D:5      | Killed Duvessa
  4875 | D:5      | Killed Dowan
  4875 | D:5      | Reached skill level 8 in Ice Magic
  4967 | D:5      | Noticed Inarius's ghost (novice DrIE)
  5112 | D:6      | Reached XP level 8. HP: 44/59 MP: 11/14
  5178 | D:5      | Found an opulent altar of Gozag.
  5178 | D:5      | Found a deep blue altar of Sif Muna.
  5178 | D:5      | Found a stormy altar of Qazlal.
  5178 | D:5      | Found a burning altar of Makhleb.
  5326 | D:6      | Found a glowing drain.
  5330 | Sewer    | Entered a sewer
  5933 | Sewer    | Reached skill level 9 in Ice Magic
  5941 | Sewer    | Got a smoking quarterstaff
  5952 | Sewer    | Identified the +5 quarterstaff of Contradiction {vamp, rF+} (You found it in a sewer)
  6068 | D:6      | Reached skill level 5 in Spellcasting
  6170 | D:6      | Found a runed door.
  6366 | D:6      | Found a runed door.
  6388 | D:6      | Reached XP level 9. HP: 67/67 MP: 7/17
  6430 | D:6      | Got a translucent trident
  6439 | D:6      | Identified the +6 trident of Linearity {flame, rElec rN+} (You found it on level 6 of the Dungeon)
  6705 | D:6      | Reached skill level 10 in Ice Magic
  6939 | D:7      | Noticed AdmiralAndromeda's ghost (novice HOFi)
  7027 | D:7      | Received a gift from Nemelex Xobeh
  7027 | D:7      | Noticed Prince Ribbit
  7031 | D:7      | Killed Prince Ribbit
  7398 | D:7      | Reached skill level 5 in Invocations
  7630 | D:8      | Noticed Maurice
  7633 | D:8      | Paralysed by Maurice for 4 turns
  7786 | D:8      | Killed Maurice
  7801 | D:8      | Found Pekytaj's Food Boutique.
  7801 | D:8      | Reached *** piety under Nemelex Xobeh
  7807 | D:8      | Reached XP level 10. HP: 69/78 MP: 5/19
  7829 | D:8      | Bought a ration for 70 gold pieces
  8161 | D:8      | Reached skill level 11 in Ice Magic
  8267 | D:8      | Received a gift from Nemelex Xobeh
  8524 | D:8      | Found a staircase to the Lair.
  8720 | D:8      | Found a hazy altar of Hepliaklqana.
  8815 | D:9      | Found a basalt altar of Yredelemnul.
  8877 | D:9      | Found a white marble altar of Elyvilon.
  8929 | D:9      | HP: 3/78 [wight/enchanted mace (9)]
  9183 | D:9      | Received a gift from Nemelex Xobeh
  9841 | D:9      | Noticed a two-headed ogre
  9853 | D:9      | Killed a two-headed ogre
  9853 | D:9      | Reached skill level 5 in Conjurations
 10231 | D:9      | Received a gift from Nemelex Xobeh
 10371 | D:10     | Entered Level 10 of the Dungeon
 10486 | D:10     | Reached **** piety under Nemelex Xobeh
 10739 | D:10     | Reached skill level 12 in Ice Magic
 11141 | D:10     | Noticed Joseph
 11145 | D:10     | Killed Joseph
 11145 | D:10     | Reached skill level 5 in Dodging
 11145 | D:10     | Reached XP level 11. HP: 78/85 MP: 4/21
 11576 | D:10     | Learned a level 2 spell: Ensorcelled Hibernation
 11921 | D:11     | Received a gift from Nemelex Xobeh
 12077 | D:11     | Noticed a green ugly thing
 12118 | D:11     | Reached skill level 1 in Summonings
 12122 | D:11     | Killed a green ugly thing
 12122 | D:11     | Reached skill level 5 in Fighting
 12241 | D:11     | Noticed Ymberto's ghost (novice MiFi)
 12277 | D:11     | Killed an unseen horror
 12321 | D:11     | Killed Ymberto's ghost
 12788 | D:11     | Noticed a three-headed hydra
 12794 | D:11     | Killed a three-headed hydra
 12794 | D:11     | Reached skill level 13 in Ice Magic
 12853 | D:11     | Noticed a skeletal warrior
 12853 | D:11     | Noticed a skeletal warrior
 12853 | D:11     | Noticed a skeletal warrior
 12853 | D:11     | Noticed a skeletal warrior
 12853 | D:11     | Noticed a skeletal warrior
 13251 | Lair:1   | Entered Level 1 of the Lair of Beasts
 13266 | Lair:1   | Received a gift from Nemelex Xobeh
 13293 | Lair:1   | Learned a level 6 spell: Freezing Cloud
 13451 | Lair:1   | Found a labyrinth entrance.
 13460 | Lab      | Entered a labyrinth
 14025 | Lab      | Gained mutation: You are dopey. (Int -2) [potion of mutation]
 14025 | Lab      | Gained mutation: You have sharp toenails. [potion of mutation]
 14090 | Lab      | Received a gift from Nemelex Xobeh
 14278 | Lab      | Found an exit through the horrors of the Abyss.
 14324 | Lab      | Noticed a minotaur
 14331 | Lab      | Killed a minotaur
 14362 | Lab      | HP: 2/89 [minotaur zombie (12)]
 14682 | Lab      | Learned a level 2 spell: Swiftness
 14957 | Lab      | Reached XP level 12. HP: 51/95 MP: 1/24
 15305 | Lair:1   | Noticed Grum
 15321 | Lair:1   | Killed Grum
 15386 | Lair:1   | Received a gift from Nemelex Xobeh
 16054 | Lair:2   | Found a staircase to the Snake Pit.
 16214 | Lair:2   | Found a staircase to the Shoals.
 16536 | Lair:2   | Reached ***** piety under Nemelex Xobeh
 16536 | Lair:2   | Received a gift from Nemelex Xobeh
 17039 | Lair:2   | Reached skill level 14 in Ice Magic
 17408 | Lair:3   | Received a gift from Nemelex Xobeh
 17968 | Lair:3   | Received a gift from Nemelex Xobeh
 18458 | Lair:4   | Received a gift from Nemelex Xobeh
 18849 | Lair:4   | Received a gift from Nemelex Xobeh
 18849 | Lair:4   | Noticed a seven-headed hydra
 18861 | Lair:3   | Killed a seven-headed hydra
 18997 | Lair:4   | Noticed an eight-headed hydra
 19139 | Lair:4   | Killed an eight-headed hydra
 20104 | Lair:5   | Received a gift from Nemelex Xobeh
 20184 | Lair:5   | Noticed an anaconda
 20319 | Lair:5   | Killed an anaconda
 20345 | Lair:5   | Reached skill level 15 in Ice Magic
 20356 | Lair:5   | Reached skill level 1 in Shields
 20489 | Lair:5   | Reached XP level 13. HP: 100/104 MP: 8/26
 21566 | Lair:5   | Received a gift from Nemelex Xobeh
 21626 | Lair:5   | Reached ****** piety under Nemelex Xobeh
 21632 | Lair:5   | Received a gift from Nemelex Xobeh
 21652 | Lair:5   | Identified a scroll of acquirement
 21680 | Lair:5   | Learned a level 3 spell: Regeneration
 22038 | Lair:6   | Entered Level 6 of the Lair of Beasts
 22129 | Lair:6   | Received a gift from Nemelex Xobeh
 23168 | Lair:6   | Reached skill level 10 in Invocations
 23212 | Lair:6   | Received a gift from Nemelex Xobeh
 23401 | Lair:6   | Reached skill level 16 in Ice Magic
 23405 | Lair:6   | Reached skill level 1 in Necromancy
 23985 | Lair:6   | Found a runed door.
 23985 | Lair:6   | Found a viscous altar of Jiyva.
 23986 | Lair:6   | Noticed an acid blob
 23987 | Lair:6   | Found a staircase to the Slime Pits.
 23988 | Lair:6   | Noticed an acid blob
 24876 | Lair:6   | Identified Aczirch's Reference Book on Transformation and the Birds
 24986 | Lair:6   | Got an encrusted glaive
 24993 | Lair:6   | Identified the +7 glaive "Dysiser" {freeze, +Blink +Inv rN+ MR+} (You found it on level 6 of the Lair of Beasts)
 25232 | Lair:6   | Received a gift from Nemelex Xobeh
 25372 | Lair:6   | Got a pair of polished boots
 25384 | Lair:6   | Identified the +0 pair of boots of Ceddah {rN+++ Int-4 Dex-3 Stlth+} (You acquired it on level 6 of the Lair of Beasts)
 25880 | D:11     | Reached XP level 14. HP: 113/113 MP: 12/27
 25892 | D:11     | Found Zeuph's Armour Boutique.
 25904 | D:11     | Bought a +1 buckler of cold resistance for 214 gold pieces
 26274 | D:11     | Found a staircase to the Orcish Mines.
 26454 | D:12     | Received a gift from Nemelex Xobeh
 26520 | D:12     | Lost mutation: You have sharp toenails. [potion of mutation]
 26520 | D:12     | Lost mutation: You are dopey. (Int -2) [potion of mutation]
 26520 | D:12     | Gained mutation: You tend to lose your temper in combat. [potion of mutation]
 26520 | D:12     | Gained mutation: You occasionally shout uncontrollably at your foes. [potion of mutation]
 26520 | D:12     | Gained mutation: You can translocate small distances at will. [potion of mutation]
 26520 | D:12     | Gained mutation: You have a pair of small horns on your head. [potion of mutation]
 26521 | D:12     | Lost mutation: You have a pair of small horns on your head. [potion of mutation]
 26521 | D:12     | Lost mutation: You tend to lose your temper in combat. [potion of mutation]
 26521 | D:12     | Gained mutation: You are weak. (Str -2) [potion of mutation]
 26521 | D:12     | Gained mutation: Scrolls take you a little longer to read. [potion of mutation]
 26521 | D:12     | Gained mutation: You are resistant to hostile enchantments. (MR+) [potion of mutation]
 26760 | D:12     | Received a gift from Nemelex Xobeh
 27116 | D:13     | Found a stormy altar of Qazlal.
 27247 | D:13     | Received a gift from Nemelex Xobeh
 27275 | D:13     | Got a steaming long sword
 27276 | D:13     | Identified the +6 long sword of Fortitude {flame, *Corrode Str+3} (You found it on level 13 of the Dungeon)
 27422 | D:13     | Reached skill level 1 in Long Blades
 27534 | D:13     | Noticed Erolcha
 27549 | D:13     | Killed Erolcha
 27894 | D:13     | Reached skill level 17 in Ice Magic
 28141 | D:13     | Found a gate to the Vaults.
 28307 | Orc:1    | Entered Level 1 of the Orcish Mines
 28452 | Orc:2    | Entered Level 2 of the Orcish Mines
 28452 | Orc:2    | Received a gift from Nemelex Xobeh
 28452 | Orc:2    | Found a staircase to the Elven Halls.
 30273 | Orc:2    | Received a gift from Nemelex Xobeh
 30394 | Orc:1    | Noticed Fannar
 30394 | Orc:1    | Noticed Snorg
 30399 | Orc:1    | Killed Snorg
 30399 | Orc:1    | Reached skill level 5 in Charms
 30407 | Orc:1    | Killed Fannar
 30651 | Orc:2    | Received a gift from Nemelex Xobeh
 30996 | Orc:2    | Received a gift from Nemelex Xobeh
 31213 | Orc:2    | Found a roughly hewn altar of Beogh.
 31246 | Orc:2    | Found Dedghun's Assorted Antiques.
 31246 | Orc:2    | Found Neimamp's Distillery.
 31248 | Orc:2    | Found Oczo's Armour Boutique.
 31250 | Orc:2    | Found Vecil's Weapon Shoppe.
 31266 | Orc:2    | Bought 2 potions of resistance for 280 gold pieces
 31313 | Orc:1    | Received a gift from Nemelex Xobeh
 31523 | Orc:1    | Noticed Urug
 31543 | Orc:1    | Killed Urug
 32063 | D:14     | Reached skill level 10 in Spellcasting
 32194 | D:14     | Received a gift from Nemelex Xobeh
 32850 | D:14     | Reached XP level 15. HP: 121/121 MP: 29/29
 32999 | D:14     | Received a gift from Nemelex Xobeh
 33070 | D:15     | Entered Level 15 of the Dungeon
 33228 | D:15     | Reached skill level 18 in Ice Magic
 33439 | D:15     | Received a gift from Nemelex Xobeh
 33733 | D:15     | Found a staircase to the Depths.
 33847 | D:15     | Received a gift from Nemelex Xobeh
 34074 | D:15     | Found the +5 demon whip "Spellbinder" {antimagic, MR+}
 34346 | D:9      | Got a faintly glowing short sword
 34349 | D:9      | Identified the cursed +3 short sword of Zacerch {pierce, Int+4 SInv Stlth+} (You found it on level 9 of the Dungeon)
 34596 | D:15     | Received a gift from Nemelex Xobeh
 35230 | Snake:1  | Entered Level 1 of the Snake Pit
 36159 | Snake:1  | Received a gift from Nemelex Xobeh
 36750 | Snake:1  | Received a gift from Nemelex Xobeh
 37829 | Snake:2  | Found a frozen archway.
 37838 | IceCv    | Entered an ice cave
 38174 | IceCv    | Reached skill level 5 in Shields
 38608 | IceCv    | Received a gift from Nemelex Xobeh
 39251 | IceCv    | Reached skill level 5 in Stealth
 39819 | IceCv    | Learned a level 6 spell: Simulacrum
 40288 | Snake:2  | Received a gift from Nemelex Xobeh
 40399 | Snake:2  | Found Kyvunext's Gadget Boutique.
 40401 | Snake:2  | Found Caku Ett's Jewellery Shoppe.
 40402 | Snake:2  | Found Aroujod's Gadget Boutique.
 40451 | Snake:2  | Received a gift from Nemelex Xobeh
 40629 | Snake:2  | Noticed a nagaraja
 40634 | Snake:2  | Killed a nagaraja
 40761 | Snake:2  | Reached skill level 19 in Ice Magic
 40838 | Snake:2  | Reached XP level 16. HP: 98/127 MP: 0/30
 42194 | Shoals:1 | Entered Level 1 of the Shoals
 42425 | Elf:1    | Entered Level 1 of the Elven Halls
 42425 | Elf:1    | Received a gift from Nemelex Xobeh
 42493 | Elf:1    | Reached skill level 10 in Conjurations
 42898 | Elf:1    | Found Mezuzuf's Weapon Emporium.
 43374 | Elf:1    | Noticed Agnes
 43380 | Elf:1    | Killed Agnes
 43872 | Elf:1    | Found Jittum's Jewellery Boutique.
 43925 | Elf:1    | Found Pamed's Distillery.
 43999 | Elf:1    | Bought a potion of heal wounds for 70 gold pieces
 43999 | Elf:1    | Bought a potion of mutation for 112 gold pieces
 43999 | Elf:1    | Lost mutation: You are resistant to hostile enchantments. (MR+) [potion of mutation]
 43999 | Elf:1    | Lost mutation: Scrolls take you a little longer to read. [potion of mutation]
 43999 | Elf:1    | Lost mutation: You occasionally shout uncontrollably at your foes. [potion of mutation]
 43999 | Elf:1    | Lost mutation: You are weak. (Str -2) [potion of mutation]
 43999 | Elf:1    | Gained mutation: You are frail. (-10% HP) [potion of mutation]
 43999 | Elf:1    | Gained mutation: Your muscles are strong. (Str +2) [potion of mutation]
 43999 | Elf:1    | Gained mutation: Scrolls take you a little longer to read. [potion of mutation]
 43999 | Elf:1    | Gained mutation: You have a pair of small horns on your head. [potion of mutation]
 44000 | Elf:1    | Bought a potion of mutation for 112 gold pieces
 44000 | Elf:1    | Lost mutation: You have a pair of small horns on your head. [potion of mutation]
 44000 | Elf:1    | Lost mutation: Scrolls take you a little longer to read. [potion of mutation]
 44000 | Elf:1    | Lost mutation: You are frail. (-10% HP) [potion of mutation]
 44000 | Elf:1    | Gained mutation: Your magical capacity is low. (-10% MP) [potion of mutation]
 44000 | Elf:1    | Gained mutation: You have a pair of small antennae on your head. [potion of mutation]
 44000 | Elf:1    | Lost mutation: You can translocate small distances at will. [potion of mutation]
 44000 | Elf:1    | Gained mutation: You are somewhat resistant to further mutation. [potion of mutation]
 44001 | Elf:1    | Bought 2 potions of mutation for 224 gold pieces
 44001 | Elf:1    | Lost mutation: Your magical capacity is low. (-10% MP) [potion of mutation]
 44001 | Elf:1    | Lost mutation: Your muscles are strong. (Str +2) [potion of mutation]
 44001 | Elf:1    | Lost mutation: You have a pair of small antennae on your head. [potion of mutation]
 44001 | Elf:1    | Gained mutation: You passively map a small area around you. [potion of mutation]
 44009 | Elf:1    | Found Attatobi's Book Boutique.
 44060 | Elf:1    | Found Qumoptipi's General Store.
 44105 | Elf:1    | Reached skill level 20 in Ice Magic
 44371 | Elf:1    | Received a gift from Nemelex Xobeh
 45946 | Elf:2    | Found a runed gate.
 45946 | Elf:2    | Found a runed gate.
 45947 | Elf:2    | Found a runed gate.
 47161 | Elf:2    | Noticed a deep elf blademaster
 47166 | Elf:2    | Noticed a sphinx
 47166 | Elf:2    | a deep elf blademaster changed into a sphinx
 47180 | Elf:2    | Killed a sphinx
 47180 | Elf:2    | Reached XP level 17. HP: 46/134 MP: 2/31
 47417 | Elf:2    | Received a gift from Nemelex Xobeh
 48241 | Snake:3  | Found a shimmering altar of Xom.
 48399 | Snake:3  | Reached skill level 21 in Ice Magic
 49567 | Snake:3  | Received a gift from Nemelex Xobeh
 50026 | Snake:3  | Received a gift from Nemelex Xobeh
 50690 | Snake:4  | Entered Level 4 of the Snake Pit
 51089 | Snake:4  | Received a gift from Nemelex Xobeh
 51145 | Snake:4  | Noticed Donald
 51167 | Snake:4  | Killed Donald
 51391 | Snake:4  | Received a gift from Nemelex Xobeh
 53791 | Snake:4  | Reached XP level 18. HP: 122/141 MP: 17/32
 53797 | Snake:4  | Reached skill level 22 in Ice Magic
 54225 | Snake:4  | Got a serpentine rune of Zot
 54257 | Snake:4  | Received a gift from Nemelex Xobeh
 54849 | Depths:1 | Entered Level 1 of the Depths
 54876 | Depths:1 | Found a one-way gate leading to the halls of Pandemonium.
 55196 | Depths:1 | Found Ubran's Armour Shoppe.
 57118 | Depths:1 | Received a gift from Nemelex Xobeh
 59172 | Depths:1 | Found a gateway to Hell.
 59414 | Depths:1 | Identified Bahoprei's Almanac of Moulding and Curses
 60941 | Depths:1 | Reached skill level 23 in Ice Magic
 62076 | Depths:2 | Reached skill level 15 in Invocations
 62169 | Depths:2 | Reached XP level 19. HP: 134/147 MP: 1/34
 62460 | Depths:2 | Found Giobaoh's Weapon Shop.
 63476 | Depths:2 | Received a gift from Nemelex Xobeh
 65130 | Depths:1 | Learned a level 4 spell: Ice Form
 65322 | Vaults:1 | Entered Level 1 of the Vaults
 65697 | Vaults:1 | Upgraded the game from 0.21.0-3-g78d12a8 to 0.21.0-22-g11d5b52
 65780 | Vaults:1 | Reached skill level 5 in Summonings
 65825 | Vaults:1 | Received a gift from Nemelex Xobeh
 67397 | Vaults:1 | Found Ahouv's Jewellery Shoppe.
 67508 | Vaults:1 | Reached skill level 24 in Ice Magic
 69436 | Vaults:1 | Reached skill level 1 in Air Magic
 69813 | Vaults:2 | Paralysed by a great orb of eyes for 4 turns
 70101 | Vaults:2 | Received a gift from Nemelex Xobeh
 71002 | Vaults:2 | Received a gift from Nemelex Xobeh
 71257 | Vaults:2 | Reached XP level 20. HP: 95/155 MP: 24/35
 71413 | Vaults:2 | Found a staircase to the Crypt.
 71775 | Vaults:2 | Received a gift from Nemelex Xobeh
 72910 | Vaults:2 | Received a gift from Nemelex Xobeh
 73655 | Vaults:3 | Reached skill level 25 in Ice Magic
 73704 | Vaults:3 | Found a flickering gateway to a bazaar.
 73728 | Bazaar   | Entered a bazaar
 73733 | Bazaar   | Found Cufush's Jewellery Shop.
 73752 | Bazaar   | Found Yninuc Quis's Book Shop.
 73760 | Bazaar   | Bought a book of Ice for 585 gold pieces
 73780 | Bazaar   | Learned a level 6 spell: Bolt of Cold
 74339 | Vaults:2 | Learned a level 6 spell: Ozocubu's Refrigeration
 74632 | Vaults:3 | Found a white marble altar of Elyvilon.
 75172 | Vaults:3 | Received a gift from Nemelex Xobeh
 75916 | Vaults:3 | Found Gozag's Assorted Antiques.
 76088 | Vaults:3 | Found an opulent altar of Gozag.
 76088 | Vaults:3 | Found Gozag's Antique Weapon Shop.
 76097 | Vaults:3 | Found Gozag's Assorted Antiques.
 76130 | Vaults:3 | Received a gift from Nemelex Xobeh
 76955 | Vaults:4 | Received a gift from Nemelex Xobeh
 77747 | Vaults:4 | Noticed Frederick
 77762 | Vaults:4 | Killed Frederick
 77936 | Vaults:4 | Received a gift from Nemelex Xobeh
 77937 | Vaults:4 | Found Raon's Food Boutique.
 77949 | Vaults:4 | Bought a ration for 55 gold pieces
 77949 | Vaults:4 | Bought a ration for 55 gold pieces
 77949 | Vaults:4 | Bought a ration for 55 gold pieces
 77949 | Vaults:4 | Bought a ration for 55 gold pieces
 77949 | Vaults:4 | Bought a ration for 55 gold pieces
 77949 | Vaults:4 | Bought a ration for 55 gold pieces
 78539 | Vaults:4 | Received a gift from Nemelex Xobeh
 79150 | Vaults:3 | Reached XP level 21. HP: 86/162 MP: 31/37
 79265 | Vaults:4 | Noticed Sojobo
 80379 | Vaults:4 | Killed Sojobo
 80633 | Vaults:4 | Received a gift from Nemelex Xobeh
 82248 | Depths:2 | Identified the Tome of Floating Fire
 82251 | Depths:2 | Identified the Almanac of Poisoning and Combat Magic
 82402 | Depths:2 | Cast into level 4 of the Abyss (a lich)
 82406 | Abyss:4  | Got an abyssal rune of Zot
 82407 | Abyss:4  | Paralysed by accursed screaming for 1 turns
 82411 | Abyss:4  | Paralysed by accursed screaming for 2 turns
 82428 | Depths:2 | Escaped the Abyss
 82559 | Depths:3 | Received a gift from Nemelex Xobeh
 82894 | Depths:3 | Noticed a greater mummy
 83189 | Depths:3 | Noticed a juggernaut
 83214 | Depths:3 | Killed a juggernaut
 83214 | Depths:3 | Reached skill level 26 in Ice Magic
 83779 | Shoals:1 | Received a gift from Nemelex Xobeh
 83927 | Shoals:1 | Found a snail-covered altar of Cheibriados.
 84084 | Lair:2   | Upgraded the game from 0.21.0-22-g11d5b52 to 0.21.0-24-g2553a33
 85010 | Shoals:1 | Received a gift from Nemelex Xobeh
 85118 | Shoals:1 | Received a gift from Nemelex Xobeh
 85145 | Shoals:1 | Found a radiant altar of Vehumet.
 85201 | Shoals:1 | Received a gift from Nemelex Xobeh
 85996 | Shoals:2 | Noticed Polyphemus
 86056 | Shoals:2 | Killed Polyphemus
 86141 | Shoals:2 | Received a gift from Nemelex Xobeh
 86156 | Shoals:2 | Found Ypeduicaiff's Weapon Emporium.
 86718 | Shoals:2 | Received a gift from Nemelex Xobeh
 87079 | Shoals:3 | Received a gift from Nemelex Xobeh
 87192 | Shoals:3 | Received a gift from Nemelex Xobeh
 87589 | Shoals:3 | Received a gift from Nemelex Xobeh
 87704 | Shoals:4 | Entered Level 4 of the Shoals
 88714 | Shoals:4 | Reached skill level 15 in Conjurations
 88716 | Shoals:4 | Noticed Ilsuiw
 88889 | Shoals:4 | Killed Ilsuiw
 89273 | Shoals:4 | Learned a level 5 spell: Metabolic Englaciation
 89345 | Shoals:4 | Received a gift from Nemelex Xobeh
 89731 | Shoals:4 | Got a barnacled rune of Zot
 90381 | Elf:3    | Entered Level 3 of the Elven Halls
 90405 | Elf:3    | Reached XP level 22. HP: 172/172 MP: 39/39
 90454 | Elf:3    | Received a gift from Nemelex Xobeh
 90840 | Elf:3    | Found Kaluppes's Magic Scroll Shoppe.
 90866 | Elf:3    | Bought a scroll of acquirement for 676 gold pieces
 90869 | Elf:3    | Identified the ring "Cucawott" {rCorr rF+ rC+ Int-3 Dex+3} (You acquired it on level 3 of the Elven Halls)
 91164 | Elf:3    | Found a portal to a secret trove of treasure.
 91705 | Elf:3    | Identified the cursed +3 flail "Olietada" {crush, Str+2} (You took it off a deep elf sorcerer on level 3 of the Elven Halls)
 91708 | Elf:3    | Identified the +1 war axe of Pusaqom {chop, rC+ Stlth+} (You took it off a deep elf sorcerer on level 3 of the Elven Halls)
 91879 | Elf:3    | Cast into level 3 of the Abyss (a deep elf demonologist)
 91885 | Abyss:4  | Received a gift from Nemelex Xobeh
 91910 | Abyss:4  | Found a corrupted altar of Lugonu.
 91978 | Elf:3    | Escaped the Abyss
 92354 | Elf:3    | Reached skill level 27 in Ice Magic
 92900 | Elf:3    | Identified the Handbook of Enhancements
 92909 | Elf:3    | Identified the Almanac of Transmutation and Boosts
 93009 | Elf:3    | Identified the Incunabulum of the Creative Compass
 93114 | Elf:3    | Identified Asmodeus's Incunabulum of the Escort
 93538 | Lair:6   | Reached skill level 10 in Fighting
 93634 | Slime:1  | Entered Level 1 of the Pits of Slime
 94219 | Slime:2  | Received a gift from Nemelex Xobeh
 95263 | Slime:3  | Received a gift from Nemelex Xobeh
 96064 | Slime:5  | Entered Level 5 of the Pits of Slime
 96148 | Slime:5  | Received a gift from Nemelex Xobeh
 97024 | Slime:5  | Reached skill level 15 in Spellcasting
 97280 | Slime:5  | Noticed the Royal Jelly
 97616 | Slime:5  | HP: 8/176 [acid blob[the Royal Jelly] (15)]
 97616 | Slime:5  | Splashed by an acid blob's acid

Skill      XL: |  1  2  3  4  5  6  7  8  9 10 11 12 13 14 15 16 17 18 19 20 21 22 |
---------------+-------------------------------------------------------------------+-----
Dodging        | 2 3 4 5 6 7 8 9 |  9.4
Ice Magic      | 4 5 7 8 9 10 12 13 15 16 17 19 20 21 23 24 25 26 27 | 27.0
Spellcasting   | 3 4 5 6 7 8 9 10 11 12 13 15 | 15.0
Invocations    | 1 2 3 5 6 8 9 10 11 12 13 14 15 16 17 | 17.7
Conjurations   | 2 3 4 5 6 8 9 11 12 13 14 15 | 15.7
Charms         | 1 2 3 4 5 6 7 8 |  8.2
Fighting       | 1 3 4 5 6 7 8 9 10 | 10.9
Summonings     | 2 3 4 5 6 |  6.0
Stealth        | 2 4 5 |  5.0
Shields        | 1 2 3 6 |  6.0
Necromancy     | 1 2 3 4 |  4.3
Long Blades    | 2 |  2.4
Air Magic      | 1 |  1.6
Axes           | |  0.2
Hexes          | |  0.1
Transmutations | |  0.2
Evocations     | |  0.2

Action                   |  1- 3 |  4- 6 |  7- 9 | 10-12 | 13-15 | 16-18 | 19-21 | 22-24 || total
-------------------------+-------+-------+-------+-------+-------+-------+-------+-------++-------
Melee: Dagger            |    25 |    90 |   122 |       |       |       |       |       ||   237
       Tailslap          |     3 |    10 |    29 |    66 |   139 |    33 |    40 |     9 ||   329
       War axe           |       |       |    21 |       |       |       |       |       ||    21
       Quarterstaff      |       |       |   155 |   393 |       |       |       |       ||   548
       Trident           |       |       |       |   146 |   396 |    35 |     1 |     3 ||   581
       Long sword        |       |       |       |       |   570 |    46 |   139 |       ||   755
       Staff             |       |       |       |       |     6 |   134 |   177 |    45 ||   362
Throw: Tomahawk          |     1 |     6 |    11 |       |       |       |       |       ||    18
 Cast: Freeze            |    49 |    77 |   109 |       |       |       |       |       ||   235
       Ozocubu's Armour  |       |     3 |     7 |    38 |    74 |    71 |   100 |     8 ||   301
       Throw Icicle      |       |       |    44 |   239 |   613 |   881 |   876 |   141 ||  2794
       Summon Ice Beast  |       |       |     1 |    33 |    47 |    50 |   144 |    14 ||   289
       Regeneration      |       |       |       |       |    87 |    61 |    75 |    14 ||   237
       Ensorcelled Hiber |       |       |       |       |     4 |     1 |       |       ||     5
       Swiftness         |       |       |       |       |    11 |    16 |    27 |    13 ||    67
       Simulacrum        |       |       |       |       |       |     3 |       |       ||     3
       Ice Form          |       |       |       |       |       |       |     2 |       ||     2
       Bolt of Cold      |       |       |       |       |       |       |   101 |    88 ||   189
       Ozocubu's Refrige |       |       |       |       |       |       |    19 |    39 ||    58
 Abil: Breathe Frost     |       |       |     2 |     2 |       |     3 |       |       ||     7
       Stop Flying       |       |       |       |       |       |       |     6 |       ||     6
       Evoke Flight      |       |       |       |       |       |       |     6 |       ||     6
Evoke: Deck              |       |       |    12 |     9 |    69 |    35 |    51 |     9 ||   185
  Use: Scroll            |       |     6 |     8 |    15 |    20 |    15 |    15 |    10 ||    89
       Potion            |       |     1 |       |     5 |     2 |     5 |     3 |       ||    16
 Stab: Sleeping          |     2 |     3 |     2 |     1 |     2 |       |     1 |       ||    11
       Distracted        |       |       |       |     1 |     3 |     3 |    11 |       ||    18
       Petrified         |       |       |       |       |     1 |       |     1 |       ||     2
  Eat: Chunk             |     1 |     9 |    19 |    43 |    63 |    29 |    79 |    18 ||   261
       Ration            |       |       |     4 |     7 |    13 |    15 |    13 |    10 ||    62
Armor: Skin              |    29 |    36 |   194 |   267 |   734 |   226 |   409 |    82 ||  1977
Dodge: Dodged            |    37 |    74 |   254 |   476 |  1089 |   318 |   487 |    96 ||  2831
Block: Buckler           |       |       |       |    62 |   455 |   105 |       |       ||   622
       Shield            |       |       |       |       |       |   159 |   453 |    69 ||   681
       Reflection        |       |       |       |       |       |    26 |   124 |     2 ||   152
       Rpst.: Long sword |       |       |       |       |   129 |     6 |    17 |       ||   152
